 Dungeon Crawl Stone Soup version 0.24-a0-368-g0e0cebd (webtiles) character file.

Game seed: 5194001205896477001

19 MatthieuS the Grave Robber (level 2, 0/19 HPs)
             Began as a Demonspawn Necromancer on May 28, 2019.
             Slain by a goblin
             ... wielding a +0 dagger
              (4 damage)
             ... on level 1 of the Dungeon.
             The game lasted 00:01:17 (937 turns).

MatthieuS the Grave Robber (Demonspawn Necromancer)  Turns: 937, Time: 00:01:17

Health: 0/19       AC:  2    Str:  8    XL:     2   Next: 55%
Magic:  4/5        EV: 12    Int: 16    God:
Gold:   57         SH:  0    Dex: 13    Spells: 5/6 levels left

rFire    . . .     SeeInvis .   c - +0 dagger
rCold    . . .     Gourm    .   (no shield)
rNeg     . . .     Faith    .   a - +0 robe
rPois    .         Spirit   .   (no helmet)
rElec    .         Reflect  .   (no cloak)
rCorr    .         Harm     .   (no gloves)
MR       .....                  (no boots)
Stlth    ++........             (no amulet)
HPRegen  0.06/turn              (no ring)
MPRegen  0.09/turn              (no ring)

@: no status effects
A: hooves 1
a: no special abilities


You were on level 1 of the Dungeon.
You were not hungry.

You visited 1 branch of the dungeon, and saw 1 of its levels.

You collected 57 gold pieces.

Inventory:

Hand Weapons
 c - a +0 dagger (weapon)
   (You took it off a kobold on level 1 of the Dungeon)
Armour
 a - a +0 robe (worn)
Jewellery
 k - an uncursed ring of resist corrosion {unknown}
   (You found it on level 1 of the Dungeon)
Scrolls
 f - a scroll of magic mapping {unknown}
 g - a scroll of teleportation {unknown}
 h - 2 scrolls of identify {unknown}
 j - a scroll of blinking {unknown}
Potions
 b - a potion of flight {unknown}
 d - 2 potions of curing {unknown}
Comestibles
 e - 3 rations
 i - 5 chunks of flesh


   Skills:
 - Level 1.7 Dodging
 - Level 1.7 Stealth
 + Level 2.5 Spellcasting
 + Level 4.8 Necromancy


You had 5 spell levels left.
You knew the following spells:

 Your Spells              Type           Power        Failure   Level  Hunger
a - Pain                  Necr           ###.         2%          1    #......

Your spell library contained the following spells:

 Spells                   Type           Power        Failure   Level  Hunger
 Animate Skeleton         Necr           N/A          2%          1    #......
 Vampiric Draining        Necr           ###.......   9%          3    ###....
 Regeneration             Chrm/Necr      #.........   22%         3    ###....
 Animate Dead             Necr           N/A          26%         4    #####..


Dungeon Overview and Level Annotations

Branches:
Dungeon (1/15)

Altars:


Innate Abilities, Weirdness & Mutations

You have large cloven feet.


Message History

The goblin writhes in agony.
The goblin barely misses you.
You closely miss the goblin. Your kick misses the goblin.
The goblin barely misses you.
You hit the goblin.
You kill the goblin!
No reachable target in view!
No reachable target in view!
Found a robe.
The hobgoblin hits you with a +0 club.
Aim: a hobgoblin, wielding a +0 club (chance to defeat MR: 87%)
The hobgoblin writhes in agony.
You kill the hobgoblin!
You can't see any susceptible monsters within range! (Use Z to cast anyway.)
Found a silver ring.
Things that are here:
a +0 club; a hobgoblin corpse You butcher the hobgoblin corpse.
i - 5 chunks of flesh (gained 1)
Things that are here:
a +0 club; a hobgoblin skeleton There isn't anything to butcher here.
You start resting.
You start resting.
A goblin comes into view. It is wielding a +0 dagger.
The goblin shouts!
You hear a shout!
A gnoll comes into view. It is wielding a +0 spear.
You see here a silver ring.
k - a silver ring A kobold comes into view.
It is wielding a +0 short sword.
Aim: a goblin, wielding a +0 dagger (chance to defeat MR: 87%)
The goblin barely resists.
The gnoll shouts!
Aim: a goblin, wielding a +0 dagger (chance to defeat MR: 87%)
The goblin writhes in agony.
The goblin hits you with a +0 dagger.
You hit the goblin but do no damage. The goblin closely misses you.
A rat comes into view.
You closely miss the goblin. Your kick misses the goblin.
The goblin closely misses you.
You barely miss the goblin. Your kick misses the goblin.
The goblin barely misses you.
Things that are here:
a +0 club; a hobgoblin skeleton The gnoll hits you from afar with a +0 spear!
Ouch! That really hurt!
* * * LOW HITPOINT WARNING * * *
The goblin hits you with a +0 dagger.
* * * LOW HITPOINT WARNING * * *
The goblin hits you with a +0 dagger.
You die...

##...######.....#####
#..#.................
♣♣♣#....##############..
##♣♣≈≈....#########...#####
#≈≈P≈≈....###..[###...###..
#♣P≈≈P....##.gK.###...###..
#≈P≈≈....##..#).##.....##..
##♣♣≈P...#.g##..#...#...#..
♣≈♣####@.###....###....#
### #..###....###....#
###..####...###...##
#.)..############### #...##
#..### ## #..#.#####.####
##.#...)#......
#....)......#


You could see a gnoll, a goblin and a kobold.

Vanquished Creatures
  2 leopard geckos (D:1)
  5 goblins (D:1)
  2 hobgoblins (D:1)
  5 frilled lizards (D:1)
  A kobold (D:1)
  2 rats (D:1)
17 creatures vanquished.

Notes
Turn   | Place    | Note
-------+----------+-------------------------------------------
     0 | D:1      | MatthieuS the Demonspawn Necromancer began the quest for
                  | the Orb.
     0 | D:1      | Reached XP level 1. HP: 13/13 MP: 3/3
   181 | D:1      | Gained mutation: You have large cloven feet. [demonic
                  | ancestry]
   181 | D:1      | Reached XP level 2. HP: 6/19 MP: 0/5
   937 | D:1      | Slain by a goblin

Levels and vault maps discovered:
D:1:      minmay_arrival_checkered_box, layout_loops_ring, serial_bayou,
          serial_bayou_pond_e, serial_bayou_shore_b, serial_bayou_crossing,
          serial_bayou_pond_d, hangedman_glass_teeth

Action                   || total
-------------------------++-------
Melee: Dagger            ||    19
 Cast: Pain              ||    21
Armor: Robe              ||     4
Dodge: Dodged            ||    15

Table legend:
 A = Non-vault XP
 B = Vault XP
 C = Vault XP percentage of total XP
 D = Non-vault monster count
 E = Vault monster count
 F = Vault count percentage of total count
                 A         B        C        D         E       F
            +---------+---------+-------+---------+---------+-------
      Total |      28 |       0 |   0.0 |      17 |       0 |   0.0
            +---------+---------+-------+---------+---------+-------
        D:1 |      28 |       0 |   0.0 |      17 |       0 |   0.0
            +---------+---------+-------+---------+---------+-------
